[Event "Wednesday Night Engine Tour 13 rd Swiss 3m+1s Starts at 2200hrs"]
[Site "Infinity Chess"]
[Date "2018.4.18"]
[Round "3"]
[White "RonWeasley"]
[Black "ocirema"]
[Result "1-0 "]
[ECO "D11"]
[WhiteElo "2536"]
[BlackElo "2466"]
[WhiteEngine "BrainFish 090218_CTG"]
[BlackEngine "asmFishW_2018-04-11_popcnt_CTG"]
[EventType "Swiss"]
[WhiteTeam ""]
[BlackTeam ""]
[PlyCount "271"]
[TimeControl "180+1"]

1. d4 d5 2. c4 c6 3. Nf3 e6 4. Nc3 Nf6 5. Bg5 h6 6. Bxf6 Qxf6 7. e3 Nd7 
8. Be2 Be7 9. O-O O-O 10. Bd3 Rd8 11. Qe2 a6 12. Bc2 g6 13. Rfe1 Qg7 
14. Rad1 Rb8 15. cxd5 exd5 16. e4 dxe4 17. Bb3 Nf6 18. Ne5 Nd5 19. Qxe4 Bf5 
20. Qf3 Be6 21. h3 Bb4 22. a3 Ba5 23. Bc4 Rbc8 24. b4 Bb6 25. Na4 Re8 
26. Qg3 Bc7 27. Nc5 Re7 28. Qb3 Rf8 29. Nxe6 fxe6 30. Qc2 Rf6 31. Re4 Bxe5 
32. Rxe5 Nf4 33. Rde1 Re8 34. R1e3 Qf8 35. h4 Qf7 36. Qd2 Kg7 37. Qe1 Qd7 
38. R3e4 h5 39. Bf1 Nd5 40. g3 Kf7 41. Qc1 Rf8 42. Bh3 Nc7 43. Qe3 Qe7 
44. Kh1 Qd7 45. a4 Re8 46. Kg1 Qd6 47. Rf4 Qe7 48. Rxf6+ Qxf6 49. Qe2 Re7 
50. Bg2 Nd5 51. Be4 Rd7 52. b5 axb5 53. axb5 Ne7 54. bxc6 Nxc6 55. Bxc6 bxc6 
56. Qc4 Qe7 57. Qxc6 Rxd4 58. Rb5 Rd6 59. Qf3+ Kg7 60. Qe4 Rd7 61. Rb6 Kf7 
62. Kg2 Rd8 63. Qe3 Rd7 64. Qh6 Qf8 65. Qf4+ Kg7 66. Qe3 Re7 67. Rxe6 Qa8+ 
68. Kg1 Rxe6 69. Qxe6 Qa1+ 70. Kg2 Qd1 71. Qe7+ Kg8 72. Qe4 Kg7 73. Qe5+ Kf7 
74. Qf4+ Kg7 75. Qe5+ Kg8 76. Qe8+ Kh7 77. Qe6 Kh8 78. Qf6+ Kh7 79. Qe7+ Kh6 
80. Qf7 Qd3 81. Qg8 Qd4 82. Qf8+ Kh7 83. Qe7+ Kh8 84. Qe6 Kg7 85. Kf1 Qd3+ 
86. Kg1 Qd2 87. Qe7+ Kh8 88. Kf1 Qd1+ 89. Qe1 Qd3+ 90. Qe2 Qd5 91. Qe8+ Kg7 
92. Qe7+ Kh6 93. Kg1 Qd1+ 94. Kg2 Qc2 95. Qf8+ Kh7 96. Kh3 Qc6 97. Kh2 Qe4 
98. Qf6 Kg8 99. Qf4 Qd5 100. Qg5 Qc6 101. Qe3 Kh7 102. Qd3 Kg8 103. Qe2 Qd5 
104. Qc2 Kf7 105. Qc7+ Ke6 106. Qf4 Qc6 107. Qf8 Qc2 108. Qf3 Ke7 109. Kg2 Qb1 
110. Qa3+ Kf6 111. Qa6+ Kg7 112. Qa7+ Kf6 113. Qd4+ Kf7 114. Qd7+ Kf6 
115. Qd4+ Kf7 116. Qf4+ Kg7 117. Qd2 Qb5 118. f3 Qb7 119. Qe2 Qb6 120. Qf2 Qf6 
121. Qd2 Kg8 122. Qc2 Kg7 123. Qa2 Qc3 124. Qa7+ Kh6 125. Qf2 Kg7 126. Qe2 Qd4 
127. Qe7+ Kg8 128. Qe6+ Kg7 129. Qe7+ Kg8 130. Qe8+ Kg7 131. Qe1 Qb2+ 
132. Qf2 Qa1 133. Qd2 Kh7 134. Qc2 Kh6 135. Kh2 Kh7 136. Qc7+ 1-0

[Event "Wednesday Night Engine Tour 13 rd Swiss 3m+1s Starts at 2200hrs"]
[Site "Infinity Chess"]
[Date "2018.4.18"]
[Round "3"]
[White "star99"]
[Black "Deep_Impact"]
[Result "0-1"]
[ECO "C77"]
[WhiteElo "2500"]
[BlackElo "2534"]
[WhiteEngine "Cryptic Heroes 9.4B"]
[BlackEngine "BrainFish_180411_x64_bmi2"]
[EventType "Swiss"]
[WhiteTeam ""]
[BlackTeam ""]
[PlyCount "200"]
[TimeControl "180+1"]

1. e4 e5 2. Nf3 Nc6 3. Bb5 a6 4. Ba4 Nf6 5. O-O Be7 6. d3 d6 7. c3 O-O 8. Re1 b5 
9. Bc2 d5 10. exd5 Qxd5 11. Nbd2 Bf5 12. Nf1 Bg6 13. Nh4 Bh5 14. Qd2 Qd7 
15. Ng3 Bg4 16. h3 Be6 17. Qd1 Rfe8 18. Nf3 Rad8 19. a4 h6 20. b4 Bf8 
21. Be3 Qc8 22. Bd2 Bd5 23. Nh2 Re6 24. Ng4 Nxg4 25. hxg4 Be7 26. Qe2 Qd7 
27. Rec1 Bf8 28. Ne4 Rg6 29. f3 f5 30. gxf5 Qxf5 31. Be3 Be7 32. Bb1 Bh4 
33. Bc5 Be7 34. Be3 Bh4 35. Rf1 Kh8 36. axb5 axb5 37. Kh1 Qd7 38. Bc5 Ne7 
39. Ba2 Nf5 40. Bxd5 Qxd5 41. Rfd1 Bg3 42. Bf2 Bxf2 43. Qxf2 Kh7 44. Rd2 Qf7 
45. Kg1 Ne7 46. Ra5 Qf4 47. Kf1 Nf5 48. Ke2 c6 49. Ra1 Nd6 50. Nxd6 Rgxd6 
51. Rad1 Rg6 52. Kf1 Rf8 53. Re2 Qh2 54. Ke1 Rg3 55. Qc5 Rf5 56. Qxc6 Rxg2 
57. Qe4 Rxe2+ 58. Qxe2 Qf4 59. c4 Qg3+ 60. Kd2 bxc4 61. Qe4 g6 62. Qb7+ Kh8 
63. Kc3 Rxf3 64. Qc8+ Kg7 65. Qxc4 Rf7 66. b5 Qe3 67. Kb3 h5 68. Qe4 Qc5 
69. Qc6 Qe3 70. Qc3 Rb7 71. Kb4 h4 72. Re1 Qf4+ 73. Re4 Qf6 74. Re3 Qe7+ 
75. Qc5 g5 76. d4 Kf6 77. Rf3+ Kg6 78. Re3 Rd7 79. Ka4 e4 80. Rc3 Qe6 
81. d5 Rxd5 82. Qa7 Rd2 83. Qc7 Rd4+ 84. Ka5 Rd6 85. Rc2 g4 86. Qc3 h3 
87. Qc7 g3 88. Rc3 e3 89. Rd3 Rxd3 90. Qxg3+ Kf7 91. Qc7+ Ke8 92. Qc5 Ra3+ 
93. Qxa3 e2 94. Qc3 e1=Q 95. Qxe1 Qxe1+ 96. Ka4 h2 97. b6 h1=Q 98. Kb3 Qd5+ 
99. Kb2 Qed2+ 100. Ka1 Qc1# 0-1

[Event "Wednesday Night Engine Tour 13 rd Swiss 3m+1s Starts at 2200hrs"]
[Site "Infinity Chess"]
[Date "2018.4.18"]
[Round "3"]
[White "KRAKEN"]
[Black "Dovahkiin"]
[Result "0-1 "]
[ECO "D31"]
[WhiteElo "2584"]
[BlackElo "2404"]
[WhiteEngine "Raubfisch X38b1_CTG"]
[BlackEngine "Raubfisch ME262_GTZ16f_CTG"]
[EventType "Swiss"]
[WhiteTeam ""]
[BlackTeam ""]
[PlyCount "128"]
[TimeControl "180+1"]

1. d4 d5 2. c4 e6 3. Nc3 c6 4. e3 Nf6 5. Nf3 Nbd7 6. Be2 Bd6 7. b3 O-O 8. O-O b6 
9. Qc2 Bb7 10. Bb2 Qe7 11. Rfe1 Rfe8 12. Rac1 Rad8 13. Red1 c5 14. cxd5 exd5 
15. Bf1 h6 16. g3 Qe6 17. Bg2 Rc8 18. Qe2 Bb8 19. Rc2 Red8 20. Qf1 Re8 
21. Rdc1 Ng4 22. dxc5 bxc5 23. Qd1 Nb6 24. Ne1 Ba8 25. Nb1 c4 26. Nf3 Bd6 
27. Bd4 Nd7 28. Nc3 Nc5 29. Nb5 Bf8 30. Bxc5 Rxc5 31. Nbd4 Qa6 32. Qe2 Qa3 
33. bxc4 Rxc4 34. Rxc4 dxc4 35. Rxc4 Bd5 36. Rc2 Be4 37. Nb5 Qd3 38. Nfd4 Qxe2 
39. Rxe2 Bd3 40. Rd2 Bxb5 41. Nxb5 Bc5 42. Rc2 Bb6 43. h3 Nf6 44. Nd6 Rd8 
45. Nc8 Kf8 46. Bf3 Nd7 47. Nxb6 axb6 48. a4 g6 49. g4 Re8 50. Be2 Ra8 
51. Rc7 Nc5 52. Bc4 Ne6 53. Bxe6 fxe6 54. Rc4 Ke7 55. Rb4 Ra6 56. Kg2 Kd6 
57. f4 Ke7 58. Kg3 Kd6 59. h4 Ke7 60. h5 gxh5 61. gxh5 Kd6 62. Kg4 Kc5 
63. Re4 Kd5 64. Rd4+ Kc6 0-1

[Event "Wednesday Night Engine Tour 13 rd Swiss 3m+1s Starts at 2200hrs"]
[Site "Infinity Chess"]
[Date "2018.4.18"]
[Round "3"]
[White "targam"]
[Black "xeonrocks"]
[Result "0-1"]
[ECO "C50"]
[WhiteElo "2556"]
[BlackElo "2603"]
[WhiteEngine "asmFishW_2018-04-11_bmi2"]
[BlackEngine "Stockfish_x64_bmi2_CTG"]
[EventType "Swiss"]
[WhiteTeam ""]
[BlackTeam ""]
[PlyCount "135"]
[TimeControl "180+1"]

1. e4 e5 2. Nf3 Nc6 3. Bc4 Bc5 4. O-O Nf6 5. d3 d6 6. c3 a5 7. Re1 Ba7 
8. Nbd2 O-O 9. Nf1 Be6 10. Bxe6 fxe6 11. a4 Qe8 12. Qb3 Nh5 13. Be3 Nf4 
14. Bxf4 Rxf4 15. Ne3 Rb8 16. Rf1 Qg6 17. Nd2 Rbf8 18. Rae1 Nd8 19. Qb5 Qh6 
20. Ndc4 Rh4 21. h3 Nf7 22. f3 d5 23. exd5 Rxc4 24. d4 Nd6 25. Qd7 exd4 
26. Nxc4 Nxc4 27. dxe6 Qd2 28. Rd1 dxc3+ 29. Kh2 Qxd7 30. exd7 Rd8 31. bxc3 Nb6 
32. g3 Rxd7 33. Rxd7 Nxd7 34. Kg2 Bc5 35. Rb1 b6 36. f4 Bd6 37. Ra1 g6 
38. Kf3 Nc5 39. g4 Kf7 40. c4 Kf6 41. h4 h5 42. Ra2 Ne6 43. Ra1 Nxf4 44. Rf1 Ke5 
45. Rd1 hxg4+ 46. Kxg4 Ke4 47. Rh1 Kd4 48. Kg5 Kxc4 49. Rb1 Kc3 50. Kg4 Kc2 
51. Re1 b5 52. axb5 a4 53. Rf1 Nd3 54. Kg5 a3 55. Ra1 Kb2 56. Rf1 a2 
57. Kh6 a1=Q 58. Rxa1 Kxa1 59. Kxg6 Kb2 60. h5 Nf4+ 61. Kf5 Nxh5 62. Ke6 Nf4+ 
63. Kd7 Nd5 64. Ke6 Ne7 65. Kd7 Kb3 66. b6 cxb6 67. Kxd6 Kc3 68. Ke5 0-1

[Event "Wednesday Night Engine Tour 13 rd Swiss 3m+1s Starts at 2200hrs"]
[Site "Infinity Chess"]
[Date "2018.4.18"]
[Round "2"]
[White "picolo1"]
[Black "star99"]
[Result "1/2-1/2"]
[ECO "C50"]
[WhiteElo "2454"]
[BlackElo "2502"]
[WhiteEngine "asmFishW_2018-04-11_base_y_CTG"]
[BlackEngine "Cryptic Heroes 9.4B"]
[EventType "Swiss"]
[WhiteTeam ""]
[BlackTeam ""]
[PlyCount "115"]
[TimeControl "180+1"]

1. e4 e5 2. Nf3 Nc6 3. Bc4 Bc5 4. O-O Nf6 5. d3 a5 6. c3 d6 7. Re1 Ba7 
8. Nbd2 O-O 9. Nf1 Be6 10. Bxe6 fxe6 11. a4 Nh5 12. Be3 Qe8 13. Kh1 Nf4 
14. Bxa7 Nxa7 15. g3 Nh3 16. Kg2 Qh5 17. Ne3 Rf7 18. Ng1 Qxd1 19. Raxd1 Nxg1 
20. Rxg1 Raf8 21. Rd2 g5 22. d4 Nc6 23. d5 exd5 24. Nf5 Rf6 25. Rxd5 b6 
26. Rd2 h5 27. f3 Kf7 28. h4 gxh4 29. Nxh4 Ke6 30. Rh1 Ne7 31. Kf2 R6f7 
32. Rdd1 Kd7 33. Rd3 Rh7 34. Ng2 Ng6 35. Rh3 Rb8 36. Rd2 b5 37. axb5 Rxb5 
38. f4 exf4 39. gxf4 a4 40. Ke3 Rb3 41. Rc2 a3 42. bxa3 Rxa3 43. Nh4 Nxh4 
44. Rxh4 Ke6 45. Kd3 Rg7 46. Rxh5 Rg3+ 47. Kd2 Kf6 48. Rh6+ Kg7 49. Re6 Kf7 
50. Rh6 Kg7 51. Rh2 Kf6 52. Ke2 Rgxc3 53. Rxc3 Rxc3 54. Rh7 d5 55. exd5 Kf5 
56. Kd2 Rf3 57. Rxc7 Ke4 58. Rf7 1/2-1/2

[Event "Wednesday Night Engine Tour 13 rd Swiss 3m+1s Starts at 2200hrs"]
[Site "Infinity Chess"]
[Date "2018.4.18"]
[Round "2"]
[White "Deep_Impact"]
[Black "RonWeasley"]
[Result "1/2-1/2"]
[ECO "C11"]
[WhiteElo "2534"]
[BlackElo "2536"]
[WhiteEngine "BrainFish_180411_x64_bmi2"]
[BlackEngine "BrainFish 090218_CTG"]
[EventType "Swiss"]
[WhiteTeam ""]
[BlackTeam ""]
[PlyCount "105"]
[TimeControl "180+1"]

1. e4 e6 2. d4 d5 3. Nc3 Nf6 4. e5 Nfd7 5. f4 c5 6. Nf3 Nc6 7. Be3 cxd4 
8. Nxd4 Qb6 9. Qd2 Qxb2 10. Rb1 Qa3 11. Bb5 Nxd4 12. Bxd4 a6 13. Bxd7+ Bxd7 
14. Rb3 Qe7 15. Rxb7 Rc8 16. O-O Qd8 17. Qf2 Rxc3 18. Bxc3 Qc8 19. Rb3 Ba4 
20. Bd4 Bxb3 21. axb3 Be7 22. c3 O-O 23. b4 Qc6 24. Ra1 Bd8 25. h4 Bc7 26. h5 h6 
27. g4 a5 28. g5 axb4 29. gxh6 gxh6 30. Kh1 Kh8 31. Rg1 Rg8 32. Rxg8+ Kxg8 
33. Qg1+ Kf8 34. Bc5+ Ke8 35. Qg8+ Kd7 36. Qxf7+ Kc8 37. Qg8+ Kb7 38. cxb4 Qb5 
39. Qg4 Qc4 40. Qf3 Qc2 41. Kg1 Qf5 42. Kf2 Bb6 43. Bxb6 Kxb6 44. b5 Qc2+ 
45. Kg3 Kxb5 46. f5 Qxf5 47. Qxf5 exf5 48. e6 Kc6 49. Kf4 d4 50. Kxf5 d3 
51. Kf6 d2 52. e7 d1=Q 53. e8=Q+ 1/2-1/2

[Event "Wednesday Night Engine Tour 13 rd Swiss 3m+1s Starts at 2200hrs"]
[Site "Infinity Chess"]
[Date "2018.4.18"]
[Round "2"]
[White "KRAKEN"]
[Black "xeonrocks"]
[Result "1/2-1/2"]
[ECO "D31"]
[WhiteElo "2583"]
[BlackElo "2604"]
[WhiteEngine "Raubfisch X38b1_CTG"]
[BlackEngine "Stockfish_x64_bmi2_CTG"]
[EventType "Swiss"]
[WhiteTeam ""]
[BlackTeam ""]
[PlyCount "85"]
[TimeControl "180+1"]

1. d4 d5 2. c4 e6 3. Nc3 c6 4. e3 Nf6 5. Nf3 Nbd7 6. Bd3 dxc4 7. Bxc4 b5 
8. Be2 Bb7 9. O-O Be7 10. a3 a5 11. b3 O-O 12. Bb2 b4 13. Na4 c5 14. dxc5 Nxc5 
15. Nxc5 Bxc5 16. Ne5 Qe7 17. axb4 Bxb4 18. Bd3 Rfd8 19. Qe2 Ne4 20. Nc4 h6 
21. Rfc1 Rac8 22. Bd4 Nc5 23. Bc2 e5 24. Bxe5 Qe6 25. h3 a4 26. bxa4 Ba6 
27. Qf3 Bxc4 28. Bxg7 Nd3 29. Bxd3 Rxd3 30. Bxh6 Bd2 31. Rd1 Qg6 32. a5 Bb3 
33. Rdb1 Bd5 34. Qg4 Qxg4 35. hxg4 Bc3 36. Ra3 Bc4 37. Bf4 Ba6 38. Rb6 Ra8 
39. Kh2 Bc4 40. Ra4 Ba6 41. Ra3 Bc4 42. Ra4 Ba6 43. Ra3 1/2-1/2

[Event "Wednesday Night Engine Tour 13 rd Swiss 3m+1s Starts at 2200hrs"]
[Site "Infinity Chess"]
[Date "2018.4.18"]
[Round "2"]
[White "Dovahkiin"]
[Black "targam"]
[Result "1/2-1/2"]
[ECO "C50"]
[WhiteElo "2397"]
[BlackElo "2563"]
[WhiteEngine "Raubfisch ME262_GTZ16f_CTG"]
[BlackEngine "asmFishW_2018-04-11_bmi2"]
[EventType "Swiss"]
[WhiteTeam ""]
[BlackTeam ""]
[PlyCount "76"]
[TimeControl "180+1"]

1. e4 e5 2. Nf3 Nc6 3. Bc4 Bc5 4. O-O Nf6 5. d3 d6 6. c3 O-O 7. Bg5 a5 8. a4 h6 
9. Bh4 g5 10. Bg3 Ba7 11. Nbd2 Kg7 12. Re1 Nh7 13. h3 h5 14. d4 g4 15. Nh4 exd4 
16. cxd4 Bxd4 17. hxg4 hxg4 18. Bd5 Be5 19. Bxc6 bxc6 20. Bxe5+ dxe5 
21. Nf5+ Bxf5 22. exf5 Qh4 23. Rxe5 g3 24. Nf3 gxf2+ 25. Kf1 Qf4 26. Qc1 Qxc1+ 
27. Rxc1 Nf6 28. Rxc6 Rfb8 29. Re2 Rb4 30. Kxf2 Rxa4 31. Rxc7 Ng4+ 32. Kg3 Rb8 
33. Rc5 Rbb4 34. Kh3 Rb3 35. Kg3 Rbb4 36. Kh3 Rb3 37. Kg3 Kf6 38. Kh3 Kg7 
1/2-1/2

[Event "Wednesday Night Engine Tour 13 rd Swiss 3m+1s Starts at 2200hrs"]
[Site "Infinity Chess"]
[Date "2018.4.18"]
[Round "1"]
[White "picolo1"]
[Black "Deep_Impact"]
[Result "1/2-1/2"]
[ECO "C50"]
[WhiteElo "2450"]
[BlackElo "2538"]
[WhiteEngine "asmFishW_2018-04-11_base_y_CTG"]
[BlackEngine "BrainFish_180411_x64_bmi2"]
[EventType "Swiss"]
[WhiteTeam ""]
[BlackTeam ""]
[PlyCount "185"]
[TimeControl "180+1"]

1. e4 e5 2. Nf3 Nc6 3. Bc4 Bc5 4. O-O Nf6 5. d3 d6 6. c3 a5 7. Re1 Ba7 
8. Nbd2 O-O 9. Nf1 Be6 10. Bxe6 fxe6 11. a4 Nh5 12. Be3 Qe8 13. Kh1 Qg6 
14. Bxa7 Rxa7 15. Ne3 b6 16. Qc2 Qf7 17. Rf1 h6 18. Rae1 Raa8 19. d4 Qe8 
20. Rd1 Rc8 21. Rg1 Rf4 22. dxe5 Rxf3 23. gxf3 Nxe5 24. f4 Nxf4 25. Ng4 Neg6 
26. Rg3 Kh8 27. Rdg1 Nh4 28. b4 Qh5 29. f3 Rf8 30. Rf1 b5 31. Re1 bxa4 
32. Qxa4 axb4 33. cxb4 Nxf3 34. Rxf3 Qxg4 35. Rf2 Kh7 36. Rg1 Qh3 37. Qc2 Qe3 
38. Rgf1 e5 39. Qc4 c6 40. Rf3 Qb6 41. Rc3 Qa7 42. Rcf3 Qb7 43. Rc1 Ra8 
44. Rfc3 Ra4 45. Qxc6 Qxb4 46. Rg1 Qxe4+ 47. Qxe4+ Rxe4 48. Rc7 Nh5 49. Kg2 Re2+ 
50. Kf3 Rxh2 51. Rd1 d5 52. Rxd5 e4+ 53. Ke3 Nf6 54. Rd8 Rh3+ 55. Ke2 h5 
56. Rf8 Kh6 57. Re7 Rg3 58. Rh8+ Kg6 59. Ra7 Nd5 60. Ke1 Rg1+ 61. Kf2 Rg5 
62. Ke2 Nf6 63. Ke3 Rg2 64. Kf4 Rg5 65. Ke3 Rg3+ 66. Kf2 Rg4 67. Ke3 Rg3+ 
68. Kf2 Rg4 69. Ke3 Rg2 70. Kf4 Rf2+ 71. Ke3 Rb2 72. Rf8 Rb3+ 73. Kf2 Rf3+ 
74. Ke2 Rg3 75. Rff7 Kh6 76. Rf8 Rg2+ 77. Ke3 Rg3+ 78. Ke2 Nd5 79. Kf2 Rg6 
80. Rh8+ Kg5 81. Ra1 Rf6+ 82. Ke2 g6 83. Rg1+ Kf4 84. Rg8 Ne7 85. Rf1+ Ke5 
86. Rxf6 Kxf6 87. Rf8+ Ke5 88. Re8 Kd6 89. Ke3 h4 90. Kxe4 Ke6 91. Kf4 Kf6 
92. Rf8+ Kg7 93. Ra8 1/2-1/2

[Event "Wednesday Night Engine Tour 13 rd Swiss 3m+1s Starts at 2200hrs"]
[Site "Infinity Chess"]
[Date "2018.4.18"]
[Round "1"]
[White "targam"]
[Black "ocirema"]
[Result "1-0"]
[ECO "C55"]
[WhiteElo "2550"]
[BlackElo "2479"]
[WhiteEngine "asmFishW_2018-04-11_bmi2"]
[BlackEngine "asmFishW_2018-04-11_popcnt_CTG"]
[EventType "Swiss"]
[WhiteTeam ""]
[BlackTeam ""]
[PlyCount "195"]
[TimeControl "180+1"]

1. e4 e5 2. Nf3 Nc6 3. Bc4 Nf6 4. d3 Bc5 5. O-O d6 6. c3 a5 7. Re1 O-O 
8. Bb3 Be6 9. Bg5 h6 10. Bh4 Bxb3 11. axb3 g5 12. Bg3 Re8 13. Nbd2 Qd7 
14. h3 Kh7 15. Nc4 g4 16. Nh4 gxh3 17. Qf3 Qe6 18. gxh3 b5 19. Nd2 Rg8 
20. Kh2 Raf8 21. Rg1 Rg5 22. Nf5 Rg6 23. Bh4 Rfg8 24. Rg3 Nd7 25. Rag1 Rxg3 
26. Rxg3 Rxg3 27. fxg3 Nf8 28. g4 Bb6 29. Kg2 Ng6 30. Bg3 Nce7 31. Kf1 Nf8 
32. h4 Kg8 33. Ke2 Nd7 34. Kd1 a4 35. bxa4 bxa4 36. Be1 Nc5 37. Nc4 Nxf5 
38. gxf5 Qf6 39. Ne3 c6 40. Ng4 Qg7 41. Bd2 h5 42. Nh6+ Kf8 43. Kc2 f6 
44. Qxh5 a3 45. bxa3 Qa7 46. Be1 Qa4+ 47. Kd2 Qb3 48. Qd1 Qb5 49. Qc2 d5 
50. c4 Qa6 51. exd5 Qxa3 52. Ke2 Nb3 53. Kf1 Nd4 54. Qc3 Qa2 55. Qd2 Qb1 
56. Qb4+ Qxb4 57. Bxb4+ Kg7 58. Ng4 cxd5 59. c5 Bxc5 60. Bxc5 Nxf5 61. Bf2 Kg6 
62. Ke2 Ng7 63. Bg3 Nh5 64. Kf2 Kf5 65. Ne3+ Ke6 66. Bh2 Ng7 67. Kf3 d4 
68. Nc4 Kf5 69. Bg3 Nh5 70. Nd2 Kg6 71. Ne4 Kf7 72. Bh2 Kg6 73. Nd6 Ng7 
74. Kg4 f5+ 75. Kf3 Kf6 76. Nc4 e4+ 77. dxe4 Kg6 78. e5 d3 79. Bf4 Ne6 
80. Nb2 Nd4+ 81. Ke3 Ne6 82. Nxd3 Kf7 83. Bg3 Kg8 84. Be1 Nf8 85. Bb4 Nd7 
86. Kf4 Nb6 87. Kxf5 Kg7 88. Nf4 Kf7 89. e6+ Ke8 90. h5 Kd8 91. h6 Nc4 
92. e7+ Kd7 93. h7 Nd6+ 94. Bxd6 Kxd6 95. e8=Q Kc5 96. h8=Q Kb4 97. Qd4+ Ka3 
98. Qea4# 1-0

[Event "Wednesday Night Engine Tour 13 rd Swiss 3m+1s Starts at 2200hrs"]
[Site "Infinity Chess"]
[Date "2018.4.18"]
[Round "1"]
[White "star99"]
[Black "KRAKEN"]
[Result "1/2-1/2"]
[ECO "D02"]
[WhiteElo "2498"]
[BlackElo "2587"]
[WhiteEngine "Cryptic Heroes 9.4B"]
[BlackEngine "Raubfisch X38b1_CTG"]
[EventType "Swiss"]
[WhiteTeam ""]
[BlackTeam ""]
[PlyCount "104"]
[TimeControl "180+1"]

1. d4 d5 2. Nf3 Nf6 3. c4 e6 4. Nc3 c6 5. Bg5 h6 6. Bxf6 Qxf6 7. e3 Nd7 
8. Bd3 dxc4 9. Bxc4 Bd6 10. O-O O-O 11. Ne4 Qe7 12. Nxd6 Qxd6 13. Qe2 b6 
14. Rfd1 Rd8 15. Rac1 Qe7 16. h3 c5 17. Bb5 Bb7 18. b4 cxb4 19. Rc7 a6 
20. Rxb7 axb5 21. d5 e5 22. Rc7 Ra5 23. e4 Qd6 24. Rc6 Qe7 25. Rc7 Qd6 
26. Rc6 Qe7 27. Rb1 Rda8 28. Rb2 Kh7 29. Rcc2 Nc5 30. Rxb4 Nd3 31. Rb1 Nb4 
32. Rd2 Nxa2 33. d6 Qe6 34. Qe3 Ra3 35. Qxb6 Nc3 36. Re1 f6 37. Re3 Qd7 
38. Qc5 Ra1+ 39. Kh2 Na4 40. Qb4 Nb6 41. Rb3 Nc4 42. Rd5 Qa7 43. d7 Qxf2 
44. d8=Q Rxd8 45. Rxd8 Ra2 46. Ne1 Rd2 47. Rxd2 Nxd2 48. Nf3 Nf1+ 49. Kh1 Ng3+ 
50. Kh2 Nf1+ 51. Kh1 Ng3+ 52. Kh2 Nf1+ 1/2-1/2

[Event "Wednesday Night Engine Tour 13 rd Swiss 3m+1s Starts at 2200hrs"]
[Site "Infinity Chess"]
[Date "2018.4.18"]
[Round "1"]
[White "xeonrocks"]
[Black "RonWeasley"]
[Result "1/2-1/2"]
[ECO "C02"]
[WhiteElo "2607"]
[BlackElo "2533"]
[WhiteEngine "Stockfish_x64_bmi2_CTG"]
[BlackEngine "BrainFish 090218_CTG"]
[EventType "Swiss"]
[WhiteTeam ""]
[BlackTeam ""]
[PlyCount "220"]
[TimeControl "180+1"]

1. e4 e6 2. d4 d5 3. e5 c5 4. c3 Nc6 5. Nf3 Qb6 6. a3 f6 7. Bd3 fxe5 
8. dxe5 Nge7 9. c4 dxc4 10. Bxc4 Nf5 11. O-O Be7 12. Nc3 O-O 13. Re1 Qd8 
14. Ba2 b6 15. Be3 Rb8 16. Qa4 Qe8 17. Rad1 b5 18. Qe4 Kh8 19. Bb1 b4 
20. Ne2 bxa3 21. bxa3 Na5 22. Qg4 Bb7 23. Nf4 Bxf3 24. Qxf3 Nxe3 25. Qxe3 Bg5 
26. Qxc5 Rxf4 27. Qxa5 Bd8 28. Qd2 Rf8 29. f3 Qb5 30. Qc2 g6 31. a4 Qb4 
32. Kh1 Ba5 33. Rf1 Rbd8 34. Qe4 Qxe4 35. Bxe4 Rxd1 36. Rxd1 Rd8 37. Rc1 Bd2 
38. Rc7 Ba5 39. Rc1 Bd2 40. Rd1 g5 41. g3 Kg7 42. Kg2 Rd4 43. Rb1 Rb4 
44. Rxb4 Bxb4 45. f4 gxf4 46. gxf4 h5 47. Bd3 Kf7 48. Be2 h4 49. Kf3 Ke7 
50. Bc4 Be1 51. Be2 Bc3 52. Bd3 Bd2 53. Ba6 Kf7 54. Bb5 Bb4 55. Ke4 Bc3 
56. Bc4 Ke7 57. Kf3 Ba5 58. Kg4 Be1 59. Bb5 Bd2 60. Kg5 Kf7 61. Bd3 a5 
62. Bc2 Be3 63. Bg6+ Ke7 64. Bb1 Bg1 65. Kxh4 Bxh2 66. Kg5 Bg1 67. Bc2 Be3 
68. Bb1 Bd2 69. Kg4 Bc1 70. Bd3 Be3 71. f5 exf5+ 72. Kxf5 Bd4 73. Bc4 Bc5 
74. Be6 Be3 75. Ba2 Bc1 76. Bc4 Bd2 77. Ke4 Bc1 78. Bd5 Bb2 79. Bc6 Ke6 
80. Bd5+ Ke7 81. Kf5 Bd4 82. Bc6 Bc5 83. Bg2 Bb6 84. Be4 Bd4 85. Bd3 Ba1 
86. Ke4 Bb2 87. Bb5 Ba1 88. Ba6 Bb2 89. Bb5 Ba3 90. Bd3 Bb2 91. Kf5 Bd4 
92. Be4 Bb2 93. Bc2 Bd4 94. Be4 Ba1 95. Bh1 Bb2 96. Be4 Ba1 97. Ba8 Bb2 
98. Bh1 Bc1 99. Bg2 Bb2 100. Bd5 Bc3 101. Bg8 Bd2 102. Bc4 Be3 103. Ke4 Bc5 
104. Bb5 Bf2 105. Kf3 Bg1 106. Bf1 Bd4 107. Kf4 Bc5 108. Bd3 Bg1 109. Kf3 Bd4 
110. e6 Kxe6 1/2-1/2

[Event "Wed Night Engine Tour 9 Rd Swiss 5m+1s Starts at 2200hrs ST"]
[Site "Infinity Chess"]
[Date "2018.4.12"]
[Round "9"]
[White "Arch Stanton"]
[Black "MGR"]
[Result "1/2-1/2"]
[ECO "D31"]
[WhiteElo "2440"]
[BlackElo "2499"]
[WhiteEngine "stockfish_18041017_x64_bmi2_CTG"]
[BlackEngine "asmFishW_2018-04-08_popcnt"]
[EventType "Swiss"]
[WhiteTeam ""]
[BlackTeam ""]
[PlyCount "221"]
[TimeControl "300+1"]

1. d4 d5 2. c4 e6 3. Nc3 c6 4. Nf3 Nf6 5. Bg5 h6 6. Bxf6 Qxf6 7. e3 Nd7 
8. Bd3 dxc4 9. Bxc4 g6 10. Qc2 Bg7 11. O-O O-O 12. Bb3 Qe7 13. Ne4 e5 
14. Ng3 Kh8 15. Rad1 a5 16. Rfe1 Re8 17. a3 Kh7 18. d5 a4 19. Bxa4 cxd5 
20. Rxd5 Rxa4 21. Qxa4 Nb6 22. Qa5 Nxd5 23. Qxd5 Be6 24. Qd3 Rd8 25. Qc2 b5 
26. h4 b4 27. axb4 Qxb4 28. h5 Rc8 29. Qb1 Bd5 30. hxg6+ fxg6 31. Rd1 Qb7 
32. e4 Bc4 33. Nd2 Bb5 34. Nf3 Rc6 35. b3 Qc7 36. Kh2 Ba6 37. Rd2 Bc8 
38. Rb2 Be6 39. b4 Rb6 40. Kg1 Rb5 41. Ne1 Qc4 42. Nc2 Qc6 43. Ne1 Qc4 
44. Nf1 Bf8 45. Ne3 Qc3 46. N1c2 Kg7 47. Qa1 Qc6 48. Qa4 h5 49. Ne1 Bd7 
50. Nd5 Qc1 51. Qa7 Rxd5 52. exd5 Qxb2 53. Qxd7+ Kh6 54. Qc8 Qxb4 55. Nf3 Qa3 
56. Nd2 Qc5 57. Qb8 Qb4 58. Qc8 Kg7 59. Qc7+ Kh6 60. Qc1 Qc5 61. Qxc5 Bxc5 
62. Ne4 Bb6 63. Kh2 g5 64. d6 Kg6 65. d7 Kf5 66. Nc5 Kf6 67. Kg3 Ke7 
68. Ne4 Kxd7 69. Nxg5 h4+ 70. Kxh4 Bxf2+ 71. Kh5 Be3 72. Ne4 Bc1 73. g4 Ke6 
74. Kg6 Be3 75. Nf6 Bd4 76. g5 Be3 77. Ne4 Bf4 78. Nc5+ Kd5 79. Nd3 Kd4 
80. Nb4 Bd2 81. Nc6+ Kd5 82. Ne7+ Ke6 83. Nf5 e4 84. Nd4+ Kd5 85. Ne2 Ke6 
86. Nd4+ Kd5 87. Ne2 Ke5 88. Kh5 Ke6 89. Nd4+ Ke5 90. Ne2 Ke6 91. Nd4+ Ke7 
92. Ne2 Kf7 93. Nd4 Bc3 94. Nf5 Ke6 95. Ng3 e3 96. Ne2 Bb4 97. Nd4+ Kd5 
98. Ne2 Bd6 99. g6 Be5 100. Kh4 Ke6 101. Kh5 Kd5 102. Kg5 Ke4 103. Kg4 Bb2 
104. Ng3+ Kd3 105. Kf3 Be5 106. Ne2 Bg7 107. Nc1+ Kd2 108. Nb3+ Kd3 
109. Nc1+ Kc2 110. Ne2 Kd3 111. Nc1+ 1/2-1/2

[Event "Wed Night Engine Tour 9 Rd Swiss 5m+1s Starts at 2200hrs ST"]
[Site "Infinity Chess"]
[Date "2018.4.12"]
[Round "9"]
[White "Vimtiroba"]
[Black "Deep_Impact"]
[Result "1/2-1/2"]
[ECO "B10"]
[WhiteElo "2511"]
[BlackElo "2507"]
[WhiteEngine "SF9 ''A5''_CTG"]
[BlackEngine "asmFishW_2018-04-07_bmi2"]
[EventType "Swiss"]
[WhiteTeam ""]
[BlackTeam ""]
[PlyCount "110"]
[TimeControl "300+1"]

1. e4 c6 2. c3 d5 3. exd5 cxd5 4. Nf3 Nc6 5. d4 Bf5 6. Qb3 Qd7 7. Be2 e6 
8. Nh4 Nf6 9. Nxf5 exf5 10. Bg5 Ne4 11. Be3 Nf6 12. Nd2 h6 13. O-O Bd6 
14. Nf3 O-O 15. Bd3 f4 16. Bd2 Rae8 17. Rfe1 Na5 18. Qc2 Nc4 19. Rxe8 Rxe8 
20. Bc1 Qc7 21. h3 Rc8 22. a4 g6 23. b3 Na5 24. Bd2 Nc6 25. Qb1 Re8 26. b4 Ne4 
27. Be1 Qd8 28. Qc2 Bc7 29. Rc1 Bd6 30. Rd1 Kf8 31. Bb5 Ng5 32. Nxg5 hxg5 
33. Be2 Bc7 34. Kf1 Ne7 35. c4 Nf5 36. Bf3 Kg7 37. Kg1 Nh4 38. Qc3 Nxf3+ 
39. Qxf3 Re4 40. b5 f5 41. c5 Qd7 42. Qd3 g4 43. Bd2 Qe7 44. a5 Qh4 45. b6 axb6 
46. axb6 Bb8 47. Re1 f3 48. Rxe4 dxe4 49. Qb5 Qd8 50. d5 Qxd5 51. Qe8 Qxd2 
52. Qe7+ Kh8 53. Qe8+ Kg7 54. Qe7+ Kh8 55. Qe8+ Kg7 1/2-1/2